 Dungeon Crawl Stone Soup version 0.28.0-43-g3370ac3207 (webtiles) character file.

Game seed: 6635683141151881580

644 tizbic2 the Caller (level 7, 0/88 HPs)
             Began as an Ogre Summoner on Mar 8, 2022.
             Was an Initiate of Ashenzari.
             Succumbed to a killer bee's poison
             ... on level 4 of the Dungeon.
             The game lasted 00:17:06 (4184 turns).

tizbic2 the Caller (Ogre Summoner)                  Turns: 4184, Time: 00:17:07

Health: 0/88       AC:  4    Str: 13    XL:     7   Next: 52%
Magic:  7/13       EV:  9    Int: 18    God:    Ashenzari [......]
Gold:   132        SH:  0    Dex:  9    Spells: 7/15 levels left

rFire   . . .      SeeInvis .   p - +8 flail (holy)
rCold   + . .      Faith    .   (no shield)
rNeg    . . .      Spirit   .   j - +0 robe {Will+}
rPois   .          Reflect  .   (helmet restricted)
rElec   .          Harm     .   n - +0 cloak of Star-Bound Wisdom {Fort, Self} (curse)
rCorr   .          Rampage  .   (gloves unavailable)
Will    +....                   (boots unavailable)
Stlth   ..........              (no amulet)
HPRegen 0.24/turn               d - ring of protection from cold
MPRegen 0.13/turn               g - ring of wizardry

@: berserking, lethally poisoned (0 -> -19), invisible, very quick
A: large, unfitting armour, tough skin 1
a: Renounce Religion, Shatter the Chains


You were on level 4 of the Dungeon.
You worshipped Ashenzari.
Ashenzari was noncommittal.
You visited 1 branch of the dungeon, and saw 4 of its levels.

You collected 132 gold pieces.

Inventory:

Hand Weapons
 p - a +8 flail of holy wrath (weapon)
Missiles
 a - 5 boomerangs
 c - 86 stones (quivered)
 h - 3 poisoned darts
Armour
 j - a +0 robe of willpower (worn)
 n - the cursed +0 cloak of Star-Bound Wisdom (worn) {Fort, Self}
   (You found it on level 2 of the Dungeon)

   It has a curse which improves the following skills: Fortitude: Armour and
   Shields.
   Introspection: Fighting and Spellcasting.
Jewellery
 d - a ring of protection from cold (left hand)
 e - a ring of protection from cold
 g - a ring of wizardry (right hand)
Wands
 q - a wand of flame (27)
Scrolls
 b - a scroll of enchant weapon {unknown}
 f - a scroll of summoning
 k - a scroll of blinking {unknown}
 l - a scroll of immolation
 m - a scroll of teleportation {unknown}
 r - a scroll of fog {unknown}
 s - a scroll of vulnerability {unknown}


   Skills:
 + Level 2.4 Maces & Flails
 - Level 1.7 Dodging
 - Level 1.4 Stealth
 + Level 4.2(4.6) Spellcasting
 * Level 5.5 Summonings
 * Level 4.0 Air Magic


You had 7 spell levels left.
You knew the following spells:

 Your Spells              Type           Power      Damage    Failure   Level
a - Summon Small Mammal   Summ           96%        N/A       1%          1
b - Call Canine Familiar  Summ           24%        N/A       1%          3
c - Summon Lightning Spi  Summ/Air       21%        N/A       8%          4

Your spell library contained the following spells:

 Spells                   Type           Power      Damage    Failure   Level
 Call Imp                 Summ           24%        N/A       1%          2
 Summon Guardian Golem    Hex/Summ       14%        N/A       5%          3


Dungeon Overview and Level Annotations

Branches:
Dungeon (4/15)
 Temple: D:4-7

Altars:
Ashenzari
Qazlal
Sif Muna


Innate Abilities, Weirdness & Mutations

You are too large for most types of armour.
You have tough skin. (AC +1)


Message History

Your hound dies!
Your hound's corpse disappears in a puff of smoke!
You feel sick.
You feel sick. The killer bee closely misses you.
You feel sick.
You are no longer poisoned.
The killer bee closely misses you.
Casting: Call Canine Familiar (safe; 1% risk of failure)
Confirm with . or Enter, or press ? or * to list all spells.
An electric hum fills the air.
The killer bee stings you. The killer bee barely misses you.
The killer bee barely misses you.
Your lightning spire cannot move out of your way!
The killer bee stings you.
You are poisoned.
The killer bee poisons you! The killer bee barely misses you.
You closely miss the killer bee.
You feel very sick. The killer bee barely misses you.
The killer bee stings you.
* * * LOW HITPOINT WARNING * * *
You are lethally poisoned!
The killer bee poisons you!
It was a potion of invisibility.
You fade into invisibility!
* * * LOW HITPOINT WARNING * * *
You feel very sick. The killer bee closely misses you.
The killer bee stings you.
* * * LOW HITPOINT WARNING * * *
You are more poisoned.
The killer bee poisons you!
It was a potion of berserk rage.
A red film seems to cover your vision as you go berserk!
You feel yourself moving faster!
You feel mighty!
* * * LOW HITPOINT WARNING * * *
You feel very sick. The killer bee closely misses you.
The killer bee stings you.
* * * LOW HITPOINT WARNING * * *
You bludgeon the killer bee!!
You kill the killer bee!
You die...

#.. #.# #.# #.#
#.# #.# #.# #†#
#@# #8# ###†#
#...# #.#.#
#.### .. #..#
#.# #. #..# #.#
#.##..#
#.#######.##..#


You could see a friendly lightning spire (summoned).

Vanquished Creatures
  2 scorpions (D:4)
  2 killer bees (D:4)
  An iguana (D:4)
  3 adders
  A white imp (D:3)
  A dart slug (D:2)
  An orc (D:3)
  4 ball pythons
  4 endoplasms
  2 giant cockroaches
  3 goblins
  9 hobgoblins
  4 quokkas
  4 bats
  3 frilled lizards
  A kobold (D:3)
  2 rats
47 creatures vanquished.

Vanquished Creatures (collateral kills)
  Sigmund (D:2)
  A scorpion (D:3)
  2 killer bees (D:4)
  Terence (D:3)
  An adder (D:4)
  2 worms
  2 orcs
  6 ball pythons
  2 endoplasms (D:2)
  4 giant cockroaches
  A goblin (D:1)
  2 hobgoblins
  2 frilled lizards (D:2)
  2 kobolds
  4 rats
33 creatures vanquished.

Vanquished Creatures (others)
  14 plants (D:2)
14 creatures vanquished.

Grand Total: 94 creatures vanquished

Notes
Turn   | Place    | Note
-------+----------+-------------------------------------------
     0 | D:1      | tizbic2 the Ogre Summoner began the quest for the Orb.
     0 | D:1      | Reached XP level 1. HP: 16/16 MP: 3/3
   469 | D:1      | Reached XP level 2. HP: 17/24 MP: 2/5
   607 | D:1      | Reached skill level 1 in Air Magic
   746 | D:1      | Reached XP level 3. HP: 16/31 MP: 7/7
   925 | D:1      | Learned a level 3 spell: Call Canine Familiar
  1122 | D:2      | Found a faded altar of an unknown god.
  1208 | D:2      | Reached skill level 4 in Summonings
  1383 | D:2      | Noticed Sigmund
  1400 | D:2      | Killed Sigmund
  1401 | D:2      | Reached skill level 1 in Maces & Flails
  1401 | D:2      | Reached XP level 4. HP: 26/39 MP: 6/9
  1401 | D:2      | Reached XP level 5. HP: 30/45 MP: 6/10
  1559 | D:2      | Learned a level 4 spell: Summon Lightning Spire
  2164 | D:3      | Noticed Terence
  2170 | D:3      | Killed Terence
  2171 | D:3      | Reached XP level 6. HP: 53/53 MP: 1/11
  2209 | D:3      | Found a broken altar of Ashenzari.
  2242 | D:3      | Became a worshipper of Ashenzari the Shackled
  2851 | D:3      | Found a shimmering blue altar of Sif Muna.
  2863 | D:3      | Reached skill level 5 in Summonings
  3667 | D:4      | Reached XP level 7. HP: 42/59 MP: 5/13
  4059 | D:4      | Found a stormy altar of Qazlal.
  4183 | D:4      | HP: 3/88 [poisoned by a killer bee]
  4184 | D:4      | Succumbed to a killer bee's poison

Illustrated notes

Levels and vault maps discovered:
D:1:      lemuel_arrival_rhombus, layout_basic
D:2:      layout_loops_corners, serial_bayou, serial_bayou_shore_b,
          serial_bayou_lagoon_a, serial_bayou_shore_b, serial_bayou_shore_a,
          serial_bayou_ford_a, serial_bayou_shore_b,
          shapermc_ecumenical_altar_starsandcircs, uniq_sigmund
D:3:      layout_basic, mainiacjoe_overflow_catwalk,
          mainiacjoe_overflow_small_starburst, uniq_terence
D:4:      layout_basic, nicolae_qazlal_eye_of_the_storm

Skill      XL: |  1  2  3  4  5  6  7 |
---------------+----------------------+-----
Air Magic      | 1 2 3 4 |  4.0
Summonings     | 4 5 |  5.5
Maces & Flails | 1 2 |  2.4
Spellcasting   | 3 4 |  4.2
Dodging        | |  1.7
Stealth        | |  1.4

Action                   |  1- 3 |  4- 6 |  7- 9 || total
-------------------------+-------+-------+-------++-------
Melee: Hand axe          |    73 |    20 |       ||    93
       Punch             |       |     2 |       ||     2
       Flail             |       |    47 |    15 ||    62
Throw: Stone             |     4 |       |       ||     4
 Cast: Summon Small Mamm |    19 |       |       ||    19
       Call Canine Famil |     6 |    14 |     3 ||    23
       Summon Lightning  |       |     1 |     3 ||     4
Invok: Curse Item        |       |       |     1 ||     1
  Use: Scroll            |       |     4 |       ||     4
       Potion            |       |       |     2 ||     2
 Stab: Distracted        |     1 |       |       ||     1
       Sleeping          |     1 |     4 |       ||     5
Armor: Robe              |    18 |    13 |     5 ||    36
Dodge: Dodged            |    41 |    17 |    16 ||    74
